 Dungeon Crawl Stone Soup version 0.31-a0-214-gb37851dbb3 (webtiles) character file.

Game seed: 192199327718606605

1 EnegeticOcto the Caller (level 1, -1/14 HPs)
             Began as a Draconian Summoner on July 1, 2023.
             Slain by an adder (3 damage)
             ... on level 2 of the Dungeon.
             The game lasted 00:02:13 (101 turns).

EnegeticOcto the Caller (Draconian Summoner)         Turns: 101, Time: 00:02:13

Health: -1/14      AC:  4    Str: 10    XL:     1   Next: 16%
Magic:  1/3        EV: 12    Int: 15    God:
Gold:   18         SH:  0    Dex: 11    Spells: 3/4 levels left

rFire   . . .        b - +0 dagger
rCold   . . .        (no shield)
rNeg    . . .        (body armour unavailable)
rPois   .            (helmet restricted)
rElec   .            (no cloak)
rCorr   .            (no gloves)
SInv    .            (no boots)
Will    .....        (no amulet)
Stlth   ++           (no ring)
HPRegen 0.22/turn    (no ring)
MPRegen 0.08/turn

%: no passive effects
@: lethally poisoned (-1 -> -3)
A: AC +4, unfitting armour, cold-blooded
a: no special abilities


You were on level 2 of the Dungeon.
You visited 1 branch of the dungeon, and saw 2 of its levels.

You collected 18 gold pieces.

Inventory:

Hand Weapons
 b - a +0 dagger (weapon)
   (You found it on level 1 of the Dungeon)


   Skills:
 - Level 1.7 Dodging
 + Level 1.9 Stealth
 - Level 2.0 Spellcasting
 - Level 4.0 Summonings


You had 3 spell levels left.
You knew the following spells:

 Your Spells              Type           Power      Damage    Failure   Level
b - Summon Small Mammal   Summ           52%        N/A       4%          1

Your spell library contained the following spells:

 Spells                   Type           Power      Damage    Failure   Level
 Call Imp                 Summ           26%        N/A       6%          2
 Call Canine Familiar     Summ           13%        N/A       13%         3
 Summon Guardian Golem    Hex/Summ       7%         N/A       28%         3
 Summon Lightning Spire   Summ/Air       7%         N/A       67%         4


Dungeon Overview and Level Annotations

Branches:
Dungeon (2/15) Zot: 11898

Altars:


Innate Abilities, Weirdness & Mutations

Your plain brown scales are hard. (AC +4)
You cannot fit into any form of body armour.
You are cold-blooded and may be slowed by cold attacks.


Message History

You start resting.
Magic restored.
You now have 18 gold pieces.
Found a scroll labelled EMEOJA YSCHAOCI.
Casting: Summon Small Mammal (safe; 4% risk of failure)
Confirm with . or Enter, or press ? or * to list all spells.
An adder comes into view.
The adder hisses angrily.
Casting: Summon Small Mammal (safe; 4% risk of failure)
Confirm with . or Enter, or press ? or * to list all spells.
Unknown command.
Your bat hits the adder but does no damage.
The adder bites your bat. The adder bites your rat.
Your rat dies!
Your rat's corpse disappears in a puff of smoke!
Your bat closely misses the adder.
Casting: Summon Small Mammal (safe; 4% risk of failure)
Confirm with . or Enter, or press ? or * to list all spells.
Your bat completely misses the adder.
An endoplasm comes into view.
Your bat closely misses the adder.
Your rat misses the adder.
The adder bites your rat but does no damage.
Your bat barely misses the adder.
Your rat closely misses the adder.
The adder bites your rat.
Your rat dies!
Your rat's corpse disappears in a puff of smoke!
You aren't carrying any scrolls.
Magic courses through your body.
Your bat hits the adder but does no damage.
The adder bites you but does no damage.
Your bat hits the adder but does no damage.
Casting: Summon Small Mammal (safe; 4% risk of failure)
Confirm with . or Enter, or press ? or * to list all spells.
Your bat barely misses the adder.
The adder barely misses you. The endoplasm hits your bat.
Your bat dies!
Your bat's corpse disappears in a puff of smoke!
Casting: Summon Small Mammal (safe; 4% risk of failure)
Confirm with . or Enter, or press ? or * to list all spells.
The adder bites you.
You are poisoned.
The adder poisons you!
Your bat barely misses the adder.
You swap places.
You feel sick.
Your bat misses the adder.
Your bat hits the adder but does no damage.
The adder bites your bat.
Your bat is poisoned.
The adder poisons your bat!
Your bat hits the adder but does no damage.
The adder completely misses your bat.
You feel sick.
Your bat closely misses the adder.
Your bat completely misses the adder.
The adder bites your bat but does no damage.
The endoplasm completely misses your bat.
Your bat closely misses the adder.
You feel sick.
Your bat dies!
Your bat's corpse disappears in a puff of smoke!
Your bat hits the endoplasm.
You feel sick.
The endoplasm hits your bat but does no damage.
You feel sick.
You are no longer poisoned.
Your bat closely misses the adder.
Your bat hits the adder but does no damage.
Your bat hits the endoplasm. The endoplasm barely misses your bat.
Casting: Summon Small Mammal (safe; 4% risk of failure)
Confirm with . or Enter, or press ? or * to list all spells.
The adder bites you.
You are lethally poisoned!
The adder poisons you!
You hit the adder.
The adder is lightly wounded.
* * * LOW HITPOINT WARNING * * *
You feel sick.
Your bat hits the adder.
Your bat barely misses the adder.
The adder closely misses you.
Your bat misses the adder. You hit the adder.
The adder is heavily wounded.
* * * LOW HITPOINT WARNING * * *
You feel sick.
Your bat misses the adder. The adder bites you but does no damage.
The adder closely misses you.
Your rat bites the adder.
The endoplasm jiggles.
Your bat misses the adder. You closely miss the adder.
The adder is severely wounded.
* * * LOW HITPOINT WARNING * * *
You feel sick.
Your bat hits the adder but does no damage.
Your bat barely misses the adder.
The adder closely misses you.
Your rat bites the adder but does no damage.
The endoplasm hits your rat.
Your rat dies!
Your rat's corpse disappears in a puff of smoke!
You closely miss the adder.
The adder is severely wounded.
* * * LOW HITPOINT WARNING * * *
You feel sick.
Your bat closely misses the adder.
Your bat misses the adder. The adder bites you.
You die...

#...........
######...........
#................
#..............#.
#..............#
#..............#
#.....<........#####..
#.............ยง.......
#...........J.@##
#......###.##S##
#......# #..b.#
######## ######


You could see an adder (ally target), an endoplasm and a friendly bat
(summoned).

Vanquished Creatures (collateral kills)
  An endoplasm (D:1)
1 creature vanquished.

Notes
Turn   | Place    | Note
-------+----------+-------------------------------------------
     0 | D:1      | EnegeticOcto the Draconian Summoner began the quest for the
                  | Orb.
     0 | D:1      | Reached XP level 1. HP: 14/14 MP: 3/3
   101 | D:2      | Slain by an adder

Illustrated notes

Levels and vault maps discovered:
D:1:      dpeg_arrival_three_bigger_balls, layout_loops_ring, serial_shops,
          nicolae_shop_tiny_waterfront, minmay_split_cup_large
D:2:      layout_basic

Action                     || total
---------------------------++-------
  Melee: Dagger            ||     4
   Cast: Summon Small Mamm ||     9
    Use: Potion            ||     1
 Armour: Skin              ||     2
  Dodge: Dodged            ||     4

Table legend: (Time is in decaauts)
 A = Elapsed time spent in this place.
 B = Non-inter-level travel time spent in this place.
 C = Inter-level travel time spent in this place.
 D = Time resting spent in this place.
 E = Time spent auto-exploring this place.
 F = Levels seen in this place.
 G = Mean time per level.
                   A        B        C        D        E       F      G
               +--------+--------+--------+--------+--------+-----+--------+
         Total |    100 |    100 |      0 |      6 |     10 |   2 |   50.0 |
       Dungeon |    100 |    100 |      0 |      6 |     10 |   2 |   50.0 |
               +--------+--------+--------+--------+--------+-----+--------+

Top non-repeatable levels by time:
     D:1: 59 daAuts
     D:2: 40 daAuts
